 Dungeon Crawl Stone Soup version 0.28-a0-1555-g9ae15a6949 (webtiles) character file.

Game seed: 12415611069091107155

196 issech the Cudgeller (level 5, -4/53 HPs)
             Began as a Troll Fighter on Jan 19, 2022.
             Was a Believer of Vehumet.
             Killed from afar by Duvessa (7 damage)
             ... with a puff of flame
             ... on level 4 of the Dungeon.
             The game lasted 00:10:06 (2140 turns).

issech the Cudgeller (Troll Fighter)                Turns: 2140, Time: 00:10:07

Health: -4/53      AC:  4    Str: 24    XL:     5   Next: 46%
Magic:  4/4        EV: 13    Int:  4    God:    Vehumet [**....]
Gold:   132        SH:  8    Dex: 11    Spells: 4/4 levels left

rFire   . . .      SeeInvis .   a - +1 flail
rCold   . . .      Faith    .   c - +1 kite shield
rNeg    . . .      Spirit   .   b - +0 robe
rPois   .          Reflect  .   (helmet restricted)
rElec   .          Harm     .   (no cloak)
rCorr   .          Rampage  .   (gloves unavailable)
Will    .....                   (boots unavailable)
Stlth   +.........              (no amulet)
HPRegen 0.97/turn               i - +4 ring of evasion
MPRegen 0.09/turn               (no ring)

@: no status effects
A: large, unfitting armour, claws 3, regeneration 1, shaggy fur 1, tough skin 1
a: Renounce Religion


You were on level 4 of the Dungeon.
You worshipped Vehumet.
Vehumet was pleased with you.
You visited 1 branch of the dungeon, and saw 4 of its levels.

You collected 132 gold pieces.

Inventory:

Hand Weapons
 a - a +1 flail (weapon)
 k - a +0 hunting sling
 l - a +0 flail
 p - a +0 mace
Missiles
 g - 161 stones
 h - 38 sling bullets
 j - 2 throwing nets (quivered)
 n - 8 poisoned darts
 o - 4 large rocks
 s - 26 bolts
Armour
 b - a +0 robe (worn)
 c - a +1 kite shield (worn)
Jewellery
 i - a +4 ring of evasion (left claw)
Potions
 d - a potion of attraction
 e - a potion of mutation {unknown}
 m - a potion of berserk rage
 t - 2 potions of magic


   Skills:
 + Level 3.0 Fighting
 + Level 3.7 Maces & Flails
 + Level 3.1 Dodging
 + Level 0.7 Stealth
 + Level 2.8 Shields


You had 4 spell levels left.
You didn't know any spells.
Your spell library was empty.

Dungeon Overview and Level Annotations

Branches:
Dungeon (4/15)
 Temple: D:4-7

Altars:
Kikubaaqudgha
Vehumet

Annotations:
D:4 Dowan, Duvessa


Innate Abilities, Weirdness & Mutations

You are too large for most types of armour.
You have claws for hands.
Your natural rate of healing is unusually fast.
You are covered in fur. (AC +1)
You have tough skin. (AC +1)


Message History

There is an open door here.
As you open the door, it creaks loudly!
Dowan, Brother of Duvessa comes into view.
He is wielding a +0 dagger.
You hear a shout!
Duvessa, Sister of Dowan comes into view.
She is wielding a +0 rapier and carrying a wand of flame (9).
Duvessa shouts!
Dowan hits you with a +0 dagger.
Duvessa zaps a wand.
The puff of flame hits you.
There is an open door here.
You hit Dowan but do no damage.
Dowan gestures wildly while chanting.
Dowan blinks!
Duvessa hits you with a +0 rapier.
You barely miss Duvessa. Duvessa hits you with a +0 rapier!
You hit Duvessa.
Duvessa is lightly wounded.
You block Duvessa's attack.
Dowan points at Duvessa and mumbles some strange words.
Duvessa seems to speed up.
Duvessa hits you with a +0 rapier!
You hit Duvessa but do no damage.
Duvessa is lightly wounded.
Duvessa hits you with a +0 rapier! x2
* * * LOW HITPOINT WARNING * * *
Duvessa zaps a wand.
The puff of flame hits you!
* * * LOW HITPOINT WARNING * * *
Duvessa says, "My weaknesses are his strengths!"
Duvessa zaps a wand.
The puff of flame hits you!
* * * LOW HITPOINT WARNING * * *
Duvessa says, "Did you see that move?
Perfect!"
Hit: a) +1 flail
Press: ? - help, Dir - move target, f - Duvessa
Aim: Duvessa, wielding a +0 rapier, wearing a +0 leather armour and carrying a wand of flame (6) (lightly wounded, fast, about 40% to evade your +1 flail)
You hit Duvessa but do no damage.
Duvessa is lightly wounded.
Duvessa zaps a wand.
You block the puff of flame. Duvessa hits you with a +0 rapier.
* * * LOW HITPOINT WARNING * * *
Dowan mumbles some strange words.
Dowan blinks!
You block Duvessa's attack.
Duvessa zaps a wand.
The puff of flame hits you!
You die...

#...###.###.# ≈≈≈≈≈#
#...........#
#≈≈≈≈##
#...##.###### ≈≈≈≈≈#
#...##.## ≈≈≈≈≈#
#.......# ≈≈≈≈#
#.......######≈≈≈≈#
###.....'.....≈≈≈≈##
#.....#####.≈≈≈≈≈#
#...@)# #.≈≈≈≈≈#
#...e.# #.#≈≈≈≈#
#.....#####.#≈≈≈≈≈#
##..........#≈≈≈≈≈#
#'########## ≈≈≈≈#
#.......# ≈≈≈≈≈
#..e....# ....
#..........
#.........#


You could see Duvessa (fast) and Dowan.

Vanquished Creatures
  A phantom (D:3)
  A water moccasin skeleton (D:4)
  A gnoll (D:1)
  An adder (D:4)
  2 dart slugs (D:1)
  An orc (D:4)
  6 ball pythons
  2 endoplasms (D:2)
  4 giant cockroaches
  7 goblins
  4 hobgoblins
  A quokka (D:1)
  A bat (D:2)
  5 frilled lizards
  5 kobolds
  14 rats
56 creatures vanquished.

Vanquished Creatures (others)
  2 fungi (D:1)
2 creatures vanquished.

Grand Total: 58 creatures vanquished

Notes
Turn   | Place    | Note
-------+----------+-------------------------------------------
     0 | D:1      | issech the Troll Fighter began the quest for the Orb.
     0 | D:1      | Reached XP level 1. HP: 22/22 MP: 0/0
   138 | D:1      | Reached XP level 2. HP: 29/29 MP: 1/1
   450 | D:1      | Found a faded altar of an unknown god.
   454 | D:1      | Reached XP level 3. HP: 32/36 MP: 2/2
   457 | D:1      | Prayed at the altar of an unknown god.
   457 | D:1      | Became a worshipper of Vehumet
   457 | D:1      | Reached * piety under Vehumet
   457 | D:1      | Offered knowledge of Freeze by Vehumet.
  1065 | D:2      | Reached ** piety under Vehumet
  1235 | D:2      | Offered knowledge of Static Discharge by Vehumet.
  1559 | D:3      | Noticed a phantom
  1573 | D:3      | Killed a phantom
  1574 | D:3      | Reached XP level 4. HP: 27/44 MP: 3/3
  2001 | D:4      | Reached XP level 5. HP: 50/53 MP: 4/4
  2070 | D:4      | Found an ancient bone altar of Kikubaaqudgha.
  2129 | D:4      | Noticed Dowan
  2130 | D:4      | Noticed Duvessa
  2136 | D:4      | HP: 1/53 [Duvessa/puff of flame (8)]
  2140 | D:4      | Killed from afar by Duvessa

Illustrated notes

Levels and vault maps discovered:
D:1:      roderic_dead_forest, layout_loops_ring,
          shapermc_ecumenical_altar_mp_urbaneastern
D:2:      layout_rooms, chequers_serial_rivers_small_3, minmay_rat_gold_closets
D:3:      layout_loops_ring
D:4:      wander_river, layout_basic, lemuel_doored_altar,
          nicolae_grassy_gnolls, uniq_duvessa

Skill      XL: |  1  2  3  4 |
---------------+-------------+-----
Maces & Flails | 2 3 |  3.7
Dodging        | 3 |  3.1
Fighting       | 3 |  3.0
Stealth        | |  0.7
Shields        | |  2.8

Action                   |  1- 3 |  4- 6 || total
-------------------------+-------+-------++-------
Melee: Flail             |   147 |    33 ||   180
  Use: Potion            |     1 |       ||     1
       Scroll            |       |     7 ||     7
 Stab: Sleeping          |     4 |       ||     4
Armor: Robe              |    47 |     5 ||    52
Dodge: Dodged            |    53 |    11 ||    64
Block: Kite shield       |    41 |    15 ||    56

Table legend: (Time is in decaauts)
 A = Elapsed time spent in this place.
 B = Non-inter-level travel time spent in this place.
 C = Inter-level travel time spent in this place.
 D = Time resting spent in this place.
 E = Time spent auto-exploring this place.
 F = Levels seen in this place.
 G = Mean time per level.
                   A        B        C        D        E       F      G
               +--------+--------+--------+--------+--------+-----+--------+
         Total |   2220 |   2207 |     13 |      0 |   1143 |   4 |  555.0 |
       Dungeon |   2220 |   2207 |     13 |      0 |   1143 |   4 |  555.0 |
               +--------+--------+--------+--------+--------+-----+--------+

Top non-repeatable levels by time:
     D:1: 784 daAuts
     D:3: 645 daAuts
     D:2: 570 daAuts
     D:4: 220 daAuts
